 Dungeon Crawl Stone Soup version 0.29-a0-330-g52719c12eb (webtiles) character file.

Game seed: 10498612898982893569

4898 Aelig the Destroyer (level 10, 0/67 (69) HPs)
             Began as a Demigod Conjurer on May 9, 2022.
             Slain by an unseen horror (5 damage)
             ... on level 9 of the Dungeon.
             The game lasted 00:29:14 (8736 turns).

Aelig the Destroyer (Demigod Conjurer)              Turns: 8736, Time: 00:29:15

HP:   0/67 (69)     AC: 15    Str:  8    XL:     10   Next: 6%
MP:   21/21         EV: 12    Int: 32    God:
Gold: 265           SH:  0    Dex: 12    Spells: 8/19 levels left

rFire   + . .      SeeInvis .   a - +1 short sword (elec)
rCold   . . .      Faith    .   (no shield)
rNeg    . . .      Spirit   .   D - +2 robe {rF+}
rPois   .          Reflect  .   k - +2 helmet
rElec   .          Harm     .   (no cloak)
rCorr   .          Rampage  .   i - +0 pair of gloves
Will    ++...                   B - +2 pair of boots
Stlth   ++........              g - amulet of magic regeneration
HPRegen 0.21/turn               d - +4 ring of protection
MPRegen 0.57/turn               l - ring of willpower

@: hasted, lightly drained, very quick
A: high MP 1, forlorn, divine attributes
a: no special abilities


You were on level 9 of the Dungeon.
You visited 1 branch of the dungeon, and saw 11 of its levels.

You collected 495 gold pieces.
You spent 230 gold pieces at shops.

Inventory:

Hand Weapons
 a - a +1 short sword of electrocution (weapon)
Missiles
 f - 186 stones
Armour
 i - a +0 pair of gloves (worn)
 k - a +2 helmet (worn)
 B - a +2 pair of boots (worn)
 D - a +2 robe of fire resistance (worn)
Magical Staves
 y - a staff of death
Jewellery
 d - a +4 ring of protection (left hand)
 g - an amulet of magic regeneration (around neck)
 l - a ring of willpower (right hand)
Wands
 c - a wand of iceblast (3)
 w - a wand of digging (3)
Scrolls
 e - a scroll of holy word {unknown}
 h - 3 scrolls of enchant weapon
 m - a scroll of fear
 q - a scroll of teleportation {unknown}
 r - a scroll of magic mapping
 s - a scroll of fog
 t - a scroll of vulnerability {unknown}
 u - a scroll of blinking
 C - a scroll of amnesia {unknown}
Potions
 b - 3 potions of magic
 j - a potion of curing
 n - a potion of cancellation
 o - 2 potions of resistance
 p - 2 potions of degeneration {unknown}
 v - a potion of mutation {unknown}
 x - a potion of heal wounds {unknown}
 z - 2 potions of berserk rage
 A - a potion of haste


   Skills:
 - Level 1.7 Dodging
 - Level 1.7 Stealth
 - Level 5.0 Spellcasting
 + Level 10.8 Conjurations
 - Level 8.0 Hexes


You had 8 spell levels left.
You knew the following spells:

 Your Spells              Type           Power      Damage    Failure   Level
a - Magic Dart            Conj           100%       1d8       1%          1
b - Searing Ray           Conj           100%       2d8       1%          2
c - Fulminant Prism       Conj/Hex       31%        3d16      1%          4
d - Cause Fear            Hex            28%        N/A       1%          4

Your spell library contained the following spells:

 Spells                   Type           Power      Damage    Failure   Level
 Dazzling Flash           Conj/Hex       100%       N/A       1%          3
 Inner Flame              Hex/Fire       33%        N/A       3%          3
 Mephitic Cloud           Conj/Pois/Air  31%        N/A       3%          3
 Iskenderun's Mystic Bla  Conj/Tloc      42%        2d10      5%          4
 Poisonous Vapours        Pois/Air       16%        N/A       8%          2
 Gell's Gravitas          Tloc           8%         N/A       16%         3
 Lesser Beckoning         Tloc           8%         N/A       16%         3
 Teleport Other           Tloc           8%         N/A       16%         3
 Airstrike                Air            4%         N/A       45%         4
 Discord                  Hex            28%        N/A       100%        8


Dungeon Overview and Level Annotations

Branches:
Dungeon (11/15)            Temple (0/1) D:6
   Lair: D:8-11         Orc: D:9-12

Shops:
D:3 :(   D:8 [

Annotations:
D:4 2 transporters
D:5 exclusion: two-headed ogre
D:6 1 runed translucent door, initializr's ghost, novice TrDe
D:7 3 runed translucent doors, Amanar's ghost, novice MiBe
D:9 Erolcha; Harold


Innate Abilities, Weirdness & Mutations

You have an increased reservoir of magic. (+10% MP)
You shall have no god before yourself.
Your divine heritage dramatically boosts your attributes as you level up.


Message History

The wight attacks as you move away! The wight misses you. Something hits you!
The wight attacks as you move away! The wight hits you with a +4 flail.
Casting: Fulminant Prism (dangerous; 1% risk of failure)
Confirm with . or Enter, or press ? or * to list all spells.
Aiming: Searing Ray (safe; 1% risk of failure)
Press: ? - help, Shift-Dir - straight line, f - wight
Aim: a wight, wielding a +4 flail and wearing a +0 robe (83% to hit)
The searing ray hits the wight.
The wight is moderately damaged.
The searing ray hits something! (Press . to maintain the ray.)
The wight closely misses you.
The searing ray hits the wight.
The wight is severely damaged.
The searing ray hits something!
The searing ray hits the wight.
The wight is lightly damaged.
The wight hits you with a +4 flail.
* * * LOW HITPOINT WARNING * * *
The searing ray hits the wight.
You destroy the wight!
The searing ray hits something!
The searing ray hits the wight!
The wight is almost destroyed.
Something hits you!
* * * LOW HITPOINT WARNING * * *
Something hits you.
* * * LOW HITPOINT WARNING * * *
Training target 5.0 for Spellcasting reached!
Your Spellcasting skill increases to level 5!
You feel better. Something hits you but does no damage.
You feel better. Something hits you.
* * * LOW HITPOINT WARNING * * *
It was a potion of cancellation.
You feel magically purged. Something hits you.
* * * LOW HITPOINT WARNING * * *
Something hits you!
* * * LOW HITPOINT WARNING * * *
It was a potion of haste.
You feel yourself speed up.
Something hits you but does no damage. x2
Something hits you but does no damage. Something barely misses you.
Something hits you.
You die...

........###÷#
........# #§#
........###Y#
......)[[§§Y##
.....[.#####.##
...(...# ##z##
###....# ##.##
# ####.# ##.##
# ..# ##@# #
### ##.# # #.#
# ##


You could see 2 yaks and a wight.

Vanquished Creatures
  A two-headed ogre (D:8)
  Pikel (D:9)
  A troll (D:9)
  3 yaks (D:9)
  Edmund (D:4)
  Menkaure (D:7)
  3 orc warriors
  5 sky beasts
  An ice beast (D:5)
  2 ogres
  A centaur (D:6)
  A lemure (D:9)
  3 phantoms
  A kobold brigand (D:9)
  2 bullfrogs
  2 gnoll sergeants (D:7)
  A necrophage (D:8)
  5 scorpions
  A wight (D:9)
  A howler monkey (D:7)
  6 orc priests
  A hound (D:5)
  2 jellies (D:6)
  2 gnoll shamans (D:5)
  Natasha (twice) (D:3)
  Terence (D:3)
  3 iguanas
  6 orc wizards
  A mummy (D:4)
  15 gnolls
  3 adders
  7 white imps
  2 worms
  5 dart slugs
  19 orcs
  7 ball pythons
  2 bats
  5 endoplasms
  3 giant cockroaches
  3 goblins
  5 hobgoblins
  9 jackals
  3 quokkas
  2 frilled lizards (D:3)
  7 kobolds
  3 kobold zombies (D:4)
  An orc zombie (D:4)
  2 rats
164 creatures vanquished.

Vanquished Creatures (others)
  16 fulminant prisms
  2 fungi (D:7)
  12 plants
30 creatures vanquished.

Grand Total: 194 creatures vanquished

Notes
Turn   | Place    | Note
-------+----------+-------------------------------------------
     0 | D:1      | Aelig the Demigod Conjurer began the quest for the Orb.
     0 | D:1      | Reached XP level 1. HP: 14/14 MP: 5/5
   288 | D:1      | Reached skill level 4 in Conjurations
   393 | D:1      | Reached XP level 2. HP: 20/20 MP: 2/7
   414 | D:1      | Learned a level 2 spell: Searing Ray
   941 | D:2      | Reached XP level 3. HP: 26/26 MP: 6/8
  1983 | D:3      | Noticed Terence
  1996 | D:3      | Reached skill level 5 in Conjurations
  1998 | D:3      | Killed Terence
  1999 | D:3      | Reached XP level 4. HP: 33/33 MP: 3/9
  2026 | D:3      | Noticed Natasha
  2029 | D:3      | Killed Natasha
  2049 | D:3      | Noticed Natasha
  2053 | D:3      | Killed Natasha
  2125 | D:3      | Found Unuts's Antique Weapon Emporium.
  2200 | D:3      | Found Taofijug's Book Emporium.
  2491 | D:4      | Found a transporter.
  2496 | D:4      | Found a transporter.
  2502 | D:4      | Noticed Edmund
  2621 | D:4      | Learned a level 4 spell: Fulminant Prism
  2677 | D:4      | Reached XP level 5. HP: 38/38 MP: 8/10
  2832 | D:4      | Killed Edmund
  2833 | D:4      | Reached skill level 6 in Conjurations
  2833 | D:4      | Reached skill level 1 in Hexes
  3469 | D:5      | Entered Level 5 of the Dungeon
  3586 | D:5      | Reached XP level 6. HP: 45/45 MP: 7/11
  3869 | D:5      | Noticed a two-headed ogre
  3921 | D:5      | Reached skill level 7 in Conjurations
  3921 | D:5      | Reached XP level 7. HP: 46/50 MP: 8/13
  5229 | D:6      | Reached skill level 5 in Hexes
  5264 | D:6      | Noticed initializr's ghost (novice TrDe)
  5273 | D:6      | Reached skill level 8 in Conjurations
  5273 | D:6      | Reached XP level 8. HP: 48/57 MP: 9/14
  5301 | D:6      | Learned a level 4 spell: Cause Fear
  5386 | D:6      | Found a runed translucent door.
  5793 | D:6      | Found a staircase to the Ecumenical Temple.
  6273 | D:7      | Reached skill level 9 in Conjurations
  6347 | D:7      | Found a runed translucent gate.
  6347 | D:7      | Found a runed translucent gate.
  6347 | D:7      | Noticed Amanar's ghost (novice MiBe)
  6348 | D:7      | Found a runed translucent gate.
  6348 | D:7      | Noticed a kobold demonologist
  6520 | D:7      | Noticed Menkaure
  6526 | D:7      | Killed Menkaure
  6692 | D:7      | Reached XP level 9. HP: 62/62 MP: 9/15
  6898 | D:7      | Got the Guide on the Birds
  7760 | D:8      | Found Zabut's Armour Shop.
  7767 | D:8      | Bought a +2 robe of fire resistance for 230 gold pieces
  7798 | D:8      | Noticed a two-headed ogre
  7810 | D:8      | Killed a two-headed ogre
  7811 | D:8      | Reached skill level 10 in Conjurations
  8318 | D:9      | You fall into a shaft and drop 2 floors!
  8324 | D:10     | Entered Level 10 of the Dungeon
  8336 | D:10     | Noticed a two-headed ogre
  8377 | D:9      | Noticed Pikel
  8385 | D:9      | Killed Pikel
  8401 | D:9      | Reached XP level 10. HP: 41/69 MP: 12/20
  8404 | D:9      | Noticed a two-headed ogre
  8615 | D:9      | Noticed Harold
  8627 | D:9      | Noticed Erolcha
  8627 | D:9      | Noticed a two-headed ogre
  8731 | D:9      | Reached skill level 5 in Spellcasting
  8736 | D:9      | Slain by an unseen horror

Illustrated notes

Levels and vault maps discovered:
D:1:      beargit_arrival_diablo_church, layout_basic, basic_ecumenical_altar
D:2:      layout_basic
D:3:      layout_basic, serial_shops, nicolae_diamond_shop, shop, uniq_terence,
          uniq_natasha
D:4:      layout_basic, gammafunk_ghost_gnarly_gnolls, minmay_mini_ossuary,
          uniq_edmund
D:5:      layout_layer_cave, minitemple, kennysheep_mini, serial_glass,
          glass_columns_b, glass_columns_a, glass_columns_a, glass_columns_b,
          glass_columns_a, glass_columns_a
D:6:      layout_loops_cross, minmay_temple_entry_overgrown,
          hellmonk_ghost_happy_afterlife
D:7:      layout_gridville, mainiacjoe_overflow_cross_hatched,
          gammafunk_ghost_nasty_kobolds, minmay_stone_trees_medium,
          uniq_menkaure
D:8:      layout_loops_cross, nicolae_overflow_hidden_temple,
          mainiacjoe_overflow_alcove_2, mainiacjoe_overflow_big_doors,
          serial_shops, nicolae_shop_stone
D:9:      layout_basic, xom_teletrap_fun, minmay_splitting_lines, uniq_harold,
          uniq_pikel, uniq_erolcha
D:10:     layout_irregular_city, mainiacjoe_overflow_chevrons, serial_undead,
          serial_undead_d, serial_undead_d, serial_undead_e, serial_undead_d
D:11:     layout_cave_pools, dpeg_lair_monsters, enter_trove_1, uniq_gastronok,
          uniq_grum

Skill      XL: |  1  2  3  4  5  6  7  8  9 10 |
---------------+-------------------------------+-----
Spellcasting   | 2 4 5 |  5.0
Conjurations   | 4 5 6 7 8 9 10 | 10.8
Hexes          | 2 3 5 7 8 |  8.0
Dodging        | |  1.7
Stealth        | |  1.7

Action                   |  1- 3 |  4- 6 |  7- 9 | 10-12 || total
-------------------------+-------+-------+-------+-------++-------
Melee: Short sword       |     9 |    29 |    15 |     2 ||    55
 Cast: Magic Dart        |    64 |    64 |   150 |     6 ||   284
       Searing Ray       |     5 |    12 |    31 |     2 ||    50
       Fulminant Prism   |       |       |    16 |       ||    16
       Cause Fear        |       |       |     2 |     5 ||     7
Evoke: Wand              |       |       |       |     1 ||     1
  Use: Scroll            |       |     7 |     2 |     2 ||    11
       Potion            |       |     2 |     1 |     4 ||     7
Armor: Robe              |     6 |    10 |    50 |    15 ||    81
       Skin              |       |     4 |       |       ||     4
Dodge: Dodged            |    12 |    24 |    58 |    13 ||   107

Table legend: (Time is in decaauts)
 A = Elapsed time spent in this place.
 B = Non-inter-level travel time spent in this place.
 C = Inter-level travel time spent in this place.
 D = Time resting spent in this place.
 E = Time spent auto-exploring this place.
 F = Levels seen in this place.
 G = Mean time per level.
                   A        B        C        D        E       F      G
               +--------+--------+--------+--------+--------+-----+--------+
         Total |   8753 |   8173 |    580 |    980 |   4525 |  11 |  795.7 |
       Dungeon |   8753 |   8173 |    580 |    980 |   4525 |  11 |  795.7 |
               +--------+--------+--------+--------+--------+-----+--------+

Top non-repeatable levels by time:
     D:5: 1547 daAuts
     D:7: 1251 daAuts
     D:6: 1150 daAuts
     D:8: 1037 daAuts
     D:4: 1025 daAuts
     D:3: 861 daAuts
     D:1: 818 daAuts
     D:2: 766 daAuts
     D:9: 265 daAuts
    D:10: 24 daAuts
    D:11: 5 daAuts
